 Dungeon Crawl Stone Soup version 0.27-a0-1036-g8e1b44f6bd (webtiles) character file.

Game seed: 12578095083604495629

58 tardwrangler69 the Digger (level 3, 0/26 HPs)
             Began as a Draconian Earth Elementalist on Apr 18, 2021.
             Slain by an orc
             ... wielding a +0 club
              (1 damage)
             ... on level 2 of the Dungeon.
             The game lasted 00:01:43 (1746 turns).

tardwrangler69 the Digger (DrEE)                    Turns: 1746, Time: 00:01:43

Health: 0/26       AC:  6    Str:  8 (10) XL:     3   Next: 76%
Magic:  0/6        EV: 11    Int: 15 (16) God:
Gold:   4          SH:  3    Dex:  8 (11) Spells: 6/7 levels left

rFire    + . .     SeeInvis .   a - +0 short sword
rCold    + . .     Faith    .   d - +0 buckler
rNeg     . . .     Spirit   .   (armour unavailable)
rPois    +         Reflect  .   (helmet restricted)
rElec    +         Harm     .   (no cloak)
rCorr    +         Rampage  .   (no gloves)
Will     .....                  g - +0 pair of boots
Stlth    +.........             (no amulet)
HPRegen  0.08/turn              (no ring)
MPRegen  0.10/turn              (no ring)

@: resistant, hasted, very quick
A: AC +5, unfitting armour, cold-blooded
a: no special abilities


You were on level 2 of the Dungeon.
You visited 1 branch of the dungeon, and saw 2 of its levels.

You collected 4 gold pieces.

Inventory:

Hand Weapons
 a - a +0 short sword (weapon)
Missiles
 b - 34 stones
Armour
 d - a +0 buckler (worn)
 g - a +0 pair of boots (worn)


   Skills:
 - Level 1.7 Dodging
 - Level 1.7 Stealth
 + Level 0.8 Shields
 + Level 2.6 Spellcasting
 - Level 1.0 Transmutations
 * Level 4.1 Earth Magic


You had 6 spell levels left.
You knew the following spells:

 Your Spells              Type           Power      Damage    Failure   Level
a - Sandblast             Erth           28%        2d8       5%          1

Your spell library contained the following spells:

 Spells                   Type           Power      Damage    Failure   Level
 Passwall                 Tmut/Erth      7%         N/A       16%         2
 Animate Skeleton         Necr           2%         N/A       30%         1
 Apportation              Tloc           2%         N/A       30%         1
 Corona                   Hex            1%         N/A       30%         1
 Summon Small Mammal      Summ           4%         N/A       30%         1
 Stone Arrow              Conj/Erth      16%        3d8       36%         3
 Petrify                  Tmut/Erth      9%         N/A       71%         4
 Lee's Rapid Deconstruct  Erth           7%         3d7*      83%         5


Dungeon Overview and Level Annotations

Branches:
Dungeon (2/15)

Altars:


Innate Abilities, Weirdness & Mutations

Your plain brown scales are hard. (AC +5)
You cannot fit into any form of body armour.
You are cold-blooded and may be slowed by cold attacks.


Message History

The orc barely misses you.
You hit the orc priest but do no damage.
You tail-slap the orc priest, but do no damage.
The orc priest is moderately wounded.
The orc priest calls down the wrath of Beogh upon you.
Beogh smites you! The orc hits you but does no damage.
The orc priest hits you with a +0 hand axe.
You closely miss the orc priest.
The orc priest is moderately wounded.
The orc hits you but does no damage.
The orc priest hits you with a +0 hand axe.
* * * LOW HITPOINT WARNING * * *
The orc hits you with a +0 club.
* * * LOW HITPOINT WARNING * * *
It was a potion of degeneration.
There was something very wrong with that liquid.
You feel weakened.
You feel dopey.
You feel clumsy. The orc priest barely misses you.
The orc hits you but does no damage.
It was a potion of haste.
You feel yourself speed up. The orc priest barely misses you.
The orc barely misses you.
It was a potion of resistance.
You feel protected.
You aren't carrying any scrolls.
You hit the orc priest but do no damage.
You tail-slap the orc priest, but do no damage.
The orc priest is moderately wounded.
The orc priest hits you with a +0 hand axe.
* * * LOW HITPOINT WARNING * * *
The orc hits you but does no damage.
Casting: Sandblast (safe; 5% risk of failure)
Confirm with . or Enter, or press ? or * to list all spells.
Aiming: Sandblast (safe; 5% risk of failure)
Press: ? - help, Shift-Dir - straight line, f/p - orc priest
Aim: an orc priest, wielding a +0 hand axe and wearing a +0 scale mail (moderately wounded, 82% to hit)
The blast of sand hits the orc priest but does no damage.
The orc priest is moderately wounded.
The orc priest hits you with a +0 hand axe.
* * * LOW HITPOINT WARNING * * *
The orc hits you with a +0 club.
You die...

. ..# .. # #.# #.#.
#.# # #...# #.# .#
..$.# #.####...
##..##........
#g..)....#
#o...###oo..#### ..#
###@........ ##
###....####### ##.
#. ##...##.# ###..
#..# #..####.#
#.##...#
#....####.## #.#
#.......
#.........#####.####
......#..
#.###.†#..).........
.######..
....#...†...#.## #..
...####.#####....###
#..


You could see an orc priest and an orc.

Vanquished Creatures
  An orc wizard (D:2)
  2 dart slugs (D:2)
  4 bats
  An endoplasm (D:1)
  2 giant cockroaches
  3 goblins
  3 hobgoblins
  3 quokkas
  2 ball pythons
  A frilled lizard (D:2)
  2 kobolds
  8 rats
32 creatures vanquished.

Notes
Turn   | Place    | Note
-------+----------+-------------------------------------------
     0 | D:1      | tardwrangler69 the Draconian Earth Elementalist began the
                  | quest for the Orb.
     0 | D:1      | Reached XP level 1. HP: 14/14 MP: 3/3
   662 | D:1      | Reached XP level 2. HP: 19/20 MP: 5/5
  1084 | D:1      | Found a faded altar of an unknown god.
  1635 | D:2      | Reached XP level 3. HP: 26/26 MP: 6/6
  1727 | D:2      | Reached skill level 4 in Earth Magic
  1746 | D:2      | HP: 1/26 [orc priest/+0 hand axe (2)]
  1746 | D:2      | Slain by an orc

Illustrated notes

Levels and vault maps discovered:
D:1:      saegor_arrival_simple_b, layout_loops_ring,
          hellmonk_ecumenical_altar_pennies_from_heaven
D:2:      layout_rooms, roderic_serpentine_path

Skill      XL: |  1  2  3 |
---------------+----------+-----
Earth Magic    | 4 |  4.1
Dodging        | |  1.7
Stealth        | |  1.7
Shields        | |  0.8
Spellcasting   | |  2.6
Transmutations | |  1.0

Action                   || total
-------------------------++-------
Melee: Short sword       ||    98
       Unarmed           ||     7
       Tailslap          ||     8
 Cast: Sandblast         ||    19
  Use: Potion            ||     3
Armor: Skin              ||    39
Dodge: Dodged            ||    85

Table legend: (Time is in decaauts)
 A = Elapsed time spent in this place.
 B = Non-inter-level travel time spent in this place.
 C = Inter-level travel time spent in this place.
 D = Time resting spent in this place.
 E = Time spent auto-exploring this place.
 F = Levels seen in this place.
 G = Mean time per level.
                   A        B        C        D        E       F      G
               +--------+--------+--------+--------+--------+-----+--------+
         Total |   1760 |   1745 |     15 |      4 |   1460 |   2 |  880.0 |
       Dungeon |   1760 |   1745 |     15 |      4 |   1460 |   2 |  880.0 |
               +--------+--------+--------+--------+--------+-----+--------+

Top non-repeatable levels by time:
     D:1: 1297 daAuts
     D:2: 463 daAuts
